 Dungeon Crawl Stone Soup version 0.30-a0-918-g0ff054e9dc (webtiles) character file.

Game seed: 15544972695075800134

1737917 ShnitzelX3 the Unseen (level 27, 198/198 HPs)
             Began as a Barachi Enchanter on Mar 16, 2023.
             Was the Champion of Cheibriados.
             Escaped with the Orb
             ... and 3 runes on Mar 21, 2023!
             The game lasted 05:54:00 (63324 turns).

ShnitzelX3 the Unseen (Barachi Enchanter)          Turns: 63324, Time: 05:54:00

Health: 198/198    AC: 16    Str: 30    XL:     27
Magic:  44/44      EV: 37    Int: 34    God:    Cheibriados [******]
Gold:   4027       SH: 12    Dex: 39    Spells: 5/61 levels left

rFire   + . .      SeeInvis +    a - +9 demon blade (flame)
rCold   + . .      Faith    .    T - +1 buckler {rF+}
rNeg    + . .      Spirit   .    Q - quicksilver dragon scales
rPois   +          Reflect  .    D - +0 hat "Avvu" {Regen+ Int-2 Slay+2 SInv}
rElec   +          Rampage  .    u - +2 cloak {rPois}
rCorr   +                        t - +0 pair of gloves of the Gloaming {Dex+3 Slay+3}
Will    ++++.                    f - +2 pair of boots {Stlth+}
Stlth   ++++                     X - amulet of magic regeneration
HPRegen 1.33/turn                M - ring "Qonoj" {rPois rC+ rCorr Dex+3 Stlth+}
MPRegen 0.69/turn                Z - ring "Ittipp" {rElec rPois rN+ Will+ SInv}

@: unable to hop, studying Throwing, very slow
A: amphibious, slowness 1, strong legs 2, +LOS, horns 1, frail 1, strong 1,
devolution 1
0: Orb of Zot
}: 3/15 runes: decaying, silver, gossamer
a: Hop, Renounce Religion, Bend Time, Temporal Distortion, Slouch, Step From
Time


You escaped.
You worshipped Cheibriados.
Cheibriados was exalted by your worship.
You visited 10 branches of the dungeon, and saw 48 of its levels.

You collected 6528 gold pieces.
You spent 2501 gold pieces at shops.

Inventory:

Hand Weapons
 a - a +9 demon blade of flaming (weapon)
 b - the +4 dagger of Glamorous Integrity {drain, rF+ Will+ Str+4}
   (You acquired it on level 5 of the Lair of Beasts)

   Str:       It affects your strength (+4).
   rF:        It protects you from fire.
   Will:      It increases your willpower.
Missiles
 w - 3 curare-tipped darts (quivered)
 S - 2 throwing nets
Armour
 c - a +1 buckler of reflection
 f - a +2 pair of boots of stealth (worn)
 t - the +0 pair of gloves of the Gloaming (worn) {Dex+3 Slay+3}
   (You acquired it on level 7 of the Dungeon)

   Dex:       It affects your dexterity (+3).
   Slay:      It affects your accuracy & damage with ranged weapons and melee
   (+3).
 u - a +2 cloak of poison resistance (worn)
 D - the +0 hat "Avvu" (worn) {Regen+ Int-2 Slay+2 SInv}
   (You found it on level 10 of the Dungeon)

   Int:       It affects your intelligence (-2).
   Slay:      It affects your accuracy & damage with ranged weapons and melee
   (+2).
   SInv:      It lets you see invisible.
   Regen:     It increases your rate of health regeneration.
 E - a +2 kite shield
 Q - quicksilver dragon scales (worn)
 T - a +1 buckler of fire resistance (worn)
Jewellery
 i - a ring of protection from fire
 M - the ring "Qonoj" (left hand) {rPois rC+ rCorr Dex+3 Stlth+}
   (You found it on level 1 of the Vaults)

   [ring of resist corrosion]

   Dex:       It affects your dexterity (+3).
   rC:        It protects you from cold.
   rPois:     It protects you from poison.
   rCorr:     It protects you from acid and corrosion.
   Stlth:     It makes you more stealthy.
 X - an amulet of magic regeneration (around neck)
 Z - the ring "Ittipp" (right hand) {rElec rPois rN+ Will+ SInv}
   (You bought it in a shop on level 2 of the Orcish Mines)

   [ring of positive energy]

   rElec:     It insulates you from electricity.
   rPois:     It protects you from poison.
   rN:        It protects you from negative energy.
   SInv:      It lets you see invisible.
   Will:      It increases your willpower.
Wands
 e - a wand of iceblast (23)
 s - a wand of flame (58)
 v - a wand of mindburst (45)
 F - a wand of digging (6)
 K - a wand of acid (11)
 O - a wand of paralysis (28)
Scrolls
 h - 6 scrolls of poison
 j - 14 scrolls of teleportation
 o - 4 scrolls of fear
 p - 8 scrolls of butterflies
 q - 6 scrolls of amnesia
 r - 8 scrolls of noise
 x - 2 scrolls of blinking
 z - 4 scrolls of torment
 A - 12 scrolls of vulnerability
 C - 4 scrolls of fog
 H - 3 scrolls of silence
 R - 2 scrolls of immolation
 Y - 2 scrolls of magic mapping
Potions
 g - a potion of invisibility
 k - 3 potions of berserk rage
 l - 7 potions of attraction
 m - 13 potions of curing
 n - 5 potions of resistance
 B - 4 potions of heal wounds
 G - 4 potions of ambrosia
 J - 8 potions of lignification
 L - 2 potions of brilliance
 N - a potion of might
 P - 2 potions of flight
 V - 2 potions of magic
 W - 2 potions of mutation
Miscellaneous
 d - a phial of floods
 y - a phantom mirror
 I - a condenser vane


   Skills:
 + Level 19.1 Fighting
 + Level 18.2(18.3) Short Blades
 - Level 2.1(13.1) Long Blades
 + Level 18.4 Dodging
 + Level 19.1 Stealth
 + Level 16.0 Shields
 + Level 17.9 Spellcasting
 + Level 19.0 Conjurations
 - Level 11.9 Hexes
 * Level 8.6 Translocations
 - Level 11.0 Air Magic
 + Level 15.0 Invocations
 - Level 4.0 Evocations


You had 5 spell levels left.
You knew the following spells:

 Your Spells              Type           Power      Damage    Failure   Level
a - Fulminant Prism       Conj/Hex       47%        3d20      1%          4
b - Confusing Touch       Hex            84%        N/A       1%          3
c - Tukima's Dance        Hex            84%        N/A       1%          3
d - Stone Arrow           Conj/Erth      100%       3d13      1%          3
e - Orb of Destruction    Conj           51%        9d13      1%          7
f - Vhi's Electric Charg  Tloc/Air       100%       N/A       1%          3
g - Arcjolt               Conj/Air       46%        1d56      1%          5
h - Iskenderun's Mystic   Conj/Tloc      90%        2d18      1%          4
i - Ensorcelled Hibernat  Hex/Ice        100%       N/A       1%          2
j - Silence               Hex/Air        41%        N/A       1%          5
k - Conjure Ball Lightni  Conj/Air       46%        3x3d16    1%          6
l - Freezing Cloud        Conj/Ice/Air   39%        6-21      1%          5
m - Blink                 Tloc           100%       N/A       1%          2
n - Manifold Assault      Tloc           73%        N/A       1%          4

Your spell library contained the following spells:

 Spells                   Type           Power      Damage    Failure   Level
 Magic Dart               Conj           100%       1d8       0%          1
 Slow                     Hex            100%       N/A       0%          1
 Searing Ray              Conj           100%       2d8       0%          2
 Dazzling Flash           Conj/Hex       100%       N/A       0%          3
 Apportation              Tloc           100%       N/A       1%          1
 Beastly Appendage        Tmut           60%        N/A       1%          1
 Foxfire                  Conj/Fire      100%       2x1d9     1%          1
 Necrotise                Necr           100%       1d9       1%          1
 Sandblast                Erth           60%        2d14      1%          1
 Summon Small Mammal      Summ           100%       N/A       1%          1
 Cigotuvi's Dreadful Rot  Necr/Pois/Air  100%       N/A       1%          2
 Poisonous Vapours        Pois/Air       100%       N/A       1%          2
 Hailstorm                Conj/Ice       76%        3d16      1%          3
 Kindle Blastsparks       Fire/Tloc/Air  100%       2d18      1%          3
 Portal Projectile        Hex/Tloc       100%       N/A       1%          3
 Summon Guardian Golem    Hex/Summ       63%        N/A       1%          3
 Anguish                  Hex/Necr       31%        N/A       1%          4
 Cause Fear               Hex            42%        N/A       1%          4
 Leda's Liquefaction      Hex/Erth       31%        N/A       1%          4
 Fireball                 Conj/Fire      38%        3d16      1%          5
 Iskenderun's Battlesphe  Conj           100%       2d15      1%          5
 Passwall                 Tmut/Erth      25%        N/A       3%          2
 Sublimation of Blood     Necr           30%        N/A       3%          2
 Wereblood                Tmut           30%        N/A       3%          2
 Summon Mana Viper        Hex/Summ       63%        N/A       4%          5
 Call Canine Familiar     Summ           30%        N/A       6%          3
 Ignite Poison            Fire/Tmut/Pois 30%        N/A       6%          3
 Spider Form              Tmut/Pois      30%        N/A       6%          3
 Vampiric Draining        Necr           30%        2d8       6%          3
 Summon Forest            Summ/Tloc      28%        N/A       10%         5
 Animate Armour           Summ/Erth      60%        N/A       21%         4
 Animate Dead             Necr           30%        N/A       21%         4
 Dispel Undead            Necr           30%        3d14      21%         4
 Ice Form                 Ice/Tmut       30%        N/A       21%         4
 Olgreb's Toxic Radiance  Pois           30%        N/A       21%         4
 Agony                    Necr           30%        N/A       50%         5
 Alistair's Intoxication  Tmut/Pois      20%        N/A       50%         5
 Blade Hands              Tmut           15%        N/A       50%         5
 Borgnjor's Vile Clutch   Necr/Erth      15%        N/A       50%         5
 Lee's Rapid Deconstruct  Erth           15%        3d10*     50%         5
 Iron Shot                Conj/Erth      38%        9d8       6%          6
 Starburst                Conj/Fire      38%        6d11      6%          6
 Spellforged Servitor     Conj/Summ      38%        N/A       34%         7
 Discord                  Hex            42%        N/A       67%         8
 Maxwell's Capacitive Co  Air            40%        ∞         80%         8
 Storm Form               Tmut/Air       30%        N/A       86%         7
 Malign Gateway           Summ/Tloc      28%        N/A       96%         7
 Death Channel            Necr           15%        N/A       97%         6
 Simulacrum               Ice/Necr       15%        N/A       97%         6
 Statue Form              Tmut/Erth      20%        N/A       97%         6
 Summon Cactus Giant      Summ           15%        N/A       97%         6
 Disjunction              Tloc           36%        N/A       98%         8
 Chain Lightning          Conj/Air       46%        3d62      99%         9
 Dragon Form              Tmut           15%        N/A       100%        7
 Ozocubu's Refrigeration  Ice            15%        4d10      100%        7
 Summon Hydra             Summ           15%        N/A       100%        7
 Borgnjor's Revivificati  Necr           15%        N/A       100%        8
 Ignition                 Fire           15%        3d6       100%        8
 Necromutation            Tmut/Necr      15%        N/A       100%        8
 Summon Horrible Things   Summ           15%        N/A       100%        8
 Death's Door             Necr           15%        N/A       100%        9
 Dragon's Call            Summ           15%        N/A       100%        9


Dungeon Overview and Level Annotations

Branches:
Dungeon (15/15)            Temple (1/1) D:7            Lair (5/5) D:9
  Swamp (4/4) Lair:2       Spider (4/4) Lair:3        Slime (0/5) Lair:4
    Orc (2/2) D:10            Elf (3/3) Orc:2        Vaults (5/5) D:14
  Crypt (0/3) Vaults:3     Depths (4/4) D:15            Zot (5/5) Depths:4

Altars:
Ashenzari
Cheibriados
Dithmenos
Elyvilon
Fedhas
Gozag
Hepliaklqana
Kikubaaqudgha
Makhleb
Nemelex Xobeh
Okawaru
Qazlal
Ru
Sif Muna
Trog
Uskayaw
Vehumet
Wu Jian
Xom
Yredelemnul
Zin
The Shining One

Shops:
D:2 ?   D:12 (   Orc:1 *   Orc:2 =[(*?   Vaults:1 *   Vaults:3 *

Portals:
Hell: Depths:2 Depths:3 Depths:4
Abyss: Depths:3
Pandemonium: Depths:2
Ziggurat: Depths:2
Trove: Vaults:2 (show slimy rune of Zot)

Annotations:
D:15 1 runed translucent door, Yvvazola's ghost, journeyman GrWn
Lair:5 Sonja
Swamp:1 1 runed translucent door, diodin's ghost, journeyman TrHW
Elf:2 3 runed translucent doors
Vaults:5 Mennas
Depths:1 3 runed translucent doors, Newt's ghost, adept KoHu
Depths:4 4 runed translucent doors


Innate Abilities, Weirdness & Mutations

You are amphibious.
You cover ground slowly.
You can hop long distances.
You have an extended range of vision and can be seen from far away.
You have a pair of small horns on your head.
You are frail. (-10% HP)
Your muscles are strong. (Str +4, Int/Dex -1)
You have hidden genetic defects.


Message History

The Shining One smites you!
There is an open door here.
Hop to where?
Press: ? - help, Dir - move target Boing!
There is a stone staircase leading up here.
You climb upwards.
There is a stone staircase leading down here.
There is a stone staircase leading up here.
You climb upwards.
There is a stone staircase leading down here.
HP restored.
There is a stone staircase leading up here.
You climb upwards.
There is a stone staircase leading down here.
A smoke demon comes into view.
The smoke demon hits you but does no damage.
The smoke demon completely misses you. The smoke demon barely misses you.
The smoke demon gestures at you. The sticky flame misses you.
You slash the smoke demon! You headbutt the smoke demon!
The smoke demon is moderately wounded.
You block the smoke demon's attack. x2; The smoke demon completely misses you.
You slice the smoke demon!!
You kill the smoke demon!
Cheibriados thoroughly appreciates the change of pace.
There is a stone staircase leading up here.
You climb upwards.
There is a stone staircase leading down here.
You open the door.
There is an open door here.
There is an escape hatch in the ceiling here.
A mysterious force pulls you upwards. The hatch slams shut behind you.
There is a stone staircase leading up here.
You climb upwards.
There is a stone staircase leading down here.
You open the door.
There is an open door, spattered with blood here.
There is a staircase leading out of the dungeon here.
You have escaped!

#####.##.############### #.#....
###...##.##...#...#...#####.#..##
.........##.......#...'..##.#..#
###...#####...#...#...##.##.#..##
#...# ##.###.###.##.....#....
#...# ####.# #.# #.##.......###
#...###.##.###.###.########.#
##.......#...#...#...# #.#
#...######...#.@.#...# #.# #.#.#
#...#...#...# ##.## #.#.#
##.###.###.## #.#.# #.#.# #.# #.#
#.# ##.## #.#.# ##.###.###.## #.#
#...# ###...#...#...# #.# #..##
#.'...#.......# #.# #..#
#.#...#...#...# #)# #..#
#.############# #†#


There were no monsters in sight!

Vanquished Creatures
  5 dread liches
  5 orbs of fire
  8 ancient liches
  Sojobo (Depths:3)
  2 Killer Klowns (Zot:5)
  Parghit (Depths:3)
  Margery (Vaults:4)
  6 curse toes
  3 caustic shrikes (Depths:1)
  Nikola (Swamp:3)
  9 golden dragons
  An iron giant (shapeshifter) (Vaults:5)
  4 bone dragons
  4 electric golems
  17 tentacled monstrosities
  Jorgrun (D:12)
  Mlioglotl (Spider:1)
  Asterion (Spider:2)
  Rupert (Spider:1)
  27 Orb Guardians
  5 titans
  A walking divine tome (Depths:2)
  3 liches
  2 deep elf master archers (Elf:3)
  8 quicksilver dragons
  2 deep elf blademasters (Elf:3)
  10 death cobs
  6 tengu reavers
  3 thorn hunters (Swamp:4)
  3 sphinxes
  Agnes (Spider:2)
  16 storm dragons
  Gastronok (Lair:1)
  19 shadow dragons
  7 draconian monks
  10 frost giants
  3 deep elf sorcerers (Elf:3)
  Aizul (Vaults:4)
  6 emperor scorpions
  4 draconian knights
  14 fire giants
  19 vault wardens
  4 draconian stormcallers
  13 draconian scorchers
  An iron dragon (Elf:1)
  2 orc warlords
  2 reapers
  3 deep elf elementalists (Elf:3)
  8 ghost moths
  10 draconian annihilators
  15 ironbound preservers
  A broodmother (Spider:3)
  5 draconian shifters
  16 stone giants
  20 very ugly things
  5 ironbound thunderhulks
  5 war gargoyles
  Nessos (Lair:4)
  12 deep elf demonologists
  3 eleionomae (Swamp:4)
  2 vampire knights
  A lorocyproca (Zot:5)
  18 green draconians
  11 black draconians
  16 red draconians
  11 white draconians
  20 yellow draconians
  16 purple draconians
  6 deep elf annihilators
  7 spark wasps
  The ghost of Darkkill the Fighter, a journeyman MiHu of Gozag (Lair:3)
  2 bunyips
  3 dire elephants
  2 eidola (Vaults:3)
  6 deep elf death magi
  A blizzard demon (D:9)
  Josephine (Lair:5)
  8 ettins
  16 yaktaur captains
  An entropy weaver (Vaults:5)
  A shambling mangrove (Swamp:2)
  7 fire dragons
  2 crystal guardians (Vaults:4)
  A merfolk impaler (Depths:3)
  Fannar (D:12)
  6 great orbs of eyes
  5 deep elf high priests
  2 jiangshi (Depths:1)
  15 ice dragons
  Erolcha (D:12)
  5 jorogumos
  21 hydras
  7 ironbound frosthearts
  25 vault guards
  10 spriggan air magi
  6 ogre magi
  3 peacekeepers
  Erica (D:11)
  4 rakshasas
  A hell beast (D:8)
  3 radroaches
  11 boulder beetles
  A death knight (D:13)
  2 ghost crabs
  11 two-headed ogres
  8 centaur warriors
  5 alligators
  8 death yaks
  5 deep troll shamans
  5 tengu warriors
  2 orc high priests
  A vampire mage (Depths:1)
  9 spriggan berserkers
  Nergalle (D:12)
  Urug (Orc:2)
  8 deep troll earth magi
  17 deep elf knights
  4 sun demons
  4 hell knights
  7 skeletal warriors
  9 soul eaters
  2 sun moths
  A salamander mystic (Depths:1)
  A skyshark (Lair:3)
  5 pharaoh ants
  A shadow demon (Depths:2)
  A glowing orange brain (shapeshifter) (Vaults:3)
  5 iron trolls
  A flayed ghost (Depths:2)
  4 goliath frogs
  48 deep trolls
  25 deep elf archers
  11 orb spiders
  3 spriggan druids
  An obsidian statue (Zot:2)
  A glowing orange brain (Depths:3)
  7 wizards
  13 swamp dragons
  3 steelbarb worms
  8 orc knights
  7 phantasmal warriors
  4 harpies
  8 bog bodies
  11 lindwurms
  A harpy (shapeshifter) (Vaults:5)
  18 ironbound convokers
  3 necromancers
  29 deep elf pyromancers
  31 deep elf zephyrmancers
  9 orc sorcerers
  16 wolf spiders
  5 cyclopes
  2 manticores
  2 will-o-the-wisps
  23 ugly things
  22 moths of wrath
  10 elephants
  7 demonic crawlers
  2 salamanders (Depths:1)
  2 rust devils
  6 smoke demons
  Joseph (D:7)
  A water nymph (shapeshifter) (Depths:2)
  6 black mambas
  5 torpor snails
  14 vault sentinels
  2 centaur skeletons (D:15)
  5 kobold demonologists
  An efreet (D:14)
  Psyche (D:8)
  6 gargoyles
  8 komodo dragons
  10 cane toads
  5 rime drakes
  51 yaktaurs
  An unseen horror (D:10)
  9 tengu conjurers
  An ice devil (Depths:2)
  5 freezing wraiths
  A guardian mummy (Zot:2)
  A red devil (Depths:2)
  8 trolls
  3 meliai (D:15)
  4 bloated husks
  8 polar bears
  14 tarantellas
  5 tyrant leeches
  A tarantella (shapeshifter) (Vaults:5)
  16 hornets
  18 blink frogs
  20 dream sheep
  49 slime creatures
  2 shadows
  3 air elementals
  27 jumping spiders
  3 unseen horror simulacra (D:9)
  7 wyverns
  48 yaks
  14 culicivoras
  4 spriggans
  A yak (shapeshifter) (Vaults:5)
  26 dancing weapons
  A hog (shapeshifter) (Depths:4)
  3 ynoxinuls
  7 wraiths
  A neqoxec (Depths:1)
  2 vampires
  A fire elemental (Elf:1)
  47 redbacks
  A basilisk (shapeshifter) (Vaults:2)
  2 steam dragons
  4 basilisks
  7 vampire mosquitoes
  15 swamp worms
  A chaos spawn (Zot:3)
  5 wargs
  3 acid dragons
  8 water moccasins
  Duvessa (D:7)
  A floating eye (Depths:2)
  12 swamp drakes (Swamp:4)
  A meliai simulacrum (D:15)
  2 ice beasts
  26 orc warriors
  3 black bears
  A sky beast (shapeshifter) (Vaults:5)
  9 ogres
  4 boggarts (Vaults:1)
  7 wolves
  9 centaurs
  3 phantoms
  6 kobold brigands
  11 bullfrogs
  2 gnoll sergeants
  A scorpion (D:7)
  5 wights (D:7)
  Dowan (D:7)
  5 killer bees (D:9)
  7 electric eels
  2 howler monkeys
  2 lava snakes (D:10)
  7 jellies
  24 orc priests
  2 gnoll boudas
  5 hounds
  Crazy Yiuf (D:6)
  Natasha (twice) (D:2)
  5 iguanas
  A lightning spire (Zot:1)
  16 orc wizards
  A sleepcap (D:8)
  12 hell rats (Lair:1)
  A boggart zombie (D:15)
  2 centaur simulacra
  11 gnolls
  11 river rats (Lair:1)
  6 adders
  3 white imps
  A howler monkey simulacrum (D:9)
  2 ufetubi
  2 worms
  58 orcs
  11 ball pythons
  8 endoplasms
  5 giant cockroaches
  4 goblins
  8 hobgoblins
  9 jackals
  9 quokkas
  5 bats
  A frilled lizard (D:2)
  31 kobolds
  10 rats
  4 briar patches (Swamp:4)
  2 fulminant prisms
2047 creatures vanquished.

Vanquished Creatures (collateral kills)
  An ironbound preserver (Vaults:5)
  2 orc warlords (Orc:1)
  A yellow draconian (Zot:4)
  A deep elf death mage (Vaults:5)
  An ettin (Zot:4)
  3 two-headed ogres
  A tengu warrior (Depths:2)
  An alligator (Swamp:4)
  A deep troll (Vaults:3)
  A yaktaur (Vaults:4)
  Sigmund (D:3)
  5 orc warriors
  4 ogres
  A wight (D:9)
  An orc priest (D:9)
  3 orc wizards
  A gnoll (D:7)
  8 orcs
  2 kobolds
  A ball lightning (Zot:4)
40 creatures vanquished.

Vanquished Creatures (others)
  A draconian knight (Zot:1)
  A deep elf knight (Elf:2)
  A deep elf zephyrmancer (Elf:1)
  A wizard (Vaults:3)
  A vault sentinel (Vaults:5)
  54 dancing weapons
  An orc wizard (Orc:1)
  An orc (D:5)
  24 ball lightnings
  6 briar patches (Swamp:4)
  4 foxfires (Swamp:1)
  57 fulminant prisms
  39 fungi
  44 plants
  2 starspawn tentacles (Spider:1)
237 creatures vanquished.

Grand Total: 2324 creatures vanquished

Notes
Turn   | Place    | Note
-------+----------+-------------------------------------------
     0 | D:1      | ShnitzelX3 the Barachi Enchanter began the quest for the
                  | Orb.
     0 | D:1      | Reached XP level 1. HP: 13/13 MP: 3/3
   193 | D:1      | Reached XP level 2. HP: 12/19 MP: 5/5
   216 | D:1      | Learned a level 2 spell: Ensorcelled Hibernation
   716 | D:1      | Reached XP level 3. HP: 23/24 MP: 6/6
   833 | D:1      | Learned a level 3 spell: Confusing Touch
  1678 | D:2      | Found Zualo's Magic Scroll Boutique.
  1690 | D:2      | Bought a scroll of identify for 28 gold pieces
  2010 | D:2      | Reached XP level 4. HP: 30/30 MP: 8/8
  2061 | D:2      | Noticed Natasha
  2100 | D:2      | Killed Natasha
  2128 | D:2      | Noticed Natasha
  2147 | D:2      | Killed Natasha
  2455 | D:3      | Noticed Sigmund
  2507 | D:3      | Reached XP level 5. HP: 35/35 MP: 9/9
  2799 | D:3      | Found a sacrificial altar of Ru.
  2960 | D:4      | Noticed an ogre
  3187 | D:4      | Killed an ogre
  3188 | D:4      | Reached skill level 1 in Evocations
  3188 | D:4      | Reached XP level 6. HP: 41/41 MP: 11/11
  3347 | D:4      | Found a sparkling altar of Nemelex Xobeh.
  3638 | D:3      | Learned a level 3 spell: Tukima's Dance
  3832 | D:3      | Killed Sigmund
  3833 | D:3      | Reached XP level 7. HP: 46/46 MP: 10/12
  4012 | D:5      | Entered Level 5 of the Dungeon
  4624 | D:5      | Reached skill level 5 in Hexes
  4958 | D:5      | Reached XP level 8. HP: 38/52 MP: 14/14
  5934 | D:6      | Reached skill level 5 in Dodging
  5995 | D:6      | Reached skill level 5 in Stealth
  6078 | D:6      | Found a runed translucent door.
  6079 | D:6      | Noticed Crazy Yiuf
  6348 | D:7      | Reached skill level 5 in Short Blades
  6348 | D:7      | Reached skill level 5 in Spellcasting
  6397 | D:7      | Noticed Joseph
  6430 | D:7      | Reached XP level 9. HP: 58/58 MP: 16/16
  6440 | D:7      | Reached skill level 1 in Fighting
  6656 | D:7      | Killed Joseph
  6735 | D:7      | Found a staircase to the Ecumenical Temple.
  6769 | Temple   | Entered the Ecumenical Temple
  6769 | Temple   | Found a transporter.
  6769 | Temple   | Found a transporter.
  6770 | Temple   | Found a transporter.
  6770 | Temple   | Found a transporter.
  6830 | Temple   | Became a worshipper of Cheibriados the Contemplative
  7254 | D:7      | Noticed Duvessa
  7254 | D:7      | Noticed Dowan
  7268 | D:7      | Killed Duvessa
  7274 | D:7      | Killed Dowan
  7298 | D:7      | Identified a scroll of acquirement
  7299 | D:7      | Acquired the +0 pair of gloves of the Gloaming {Dex+3
                  | Slay+3}
  7388 | D:7      | Reached skill level 1 in Invocations
  7595 | D:8      | Reached * piety under Cheibriados
  7605 | D:8      | Reached skill level 1 in Long Blades
  7605 | D:8      | Reached XP level 10. HP: 71/71 MP: 19/19
  7807 | D:8      | Found a transporter.
  7807 | D:8      | Noticed an orc knight
  7807 | D:8      | Noticed a centaur warrior
  7807 | D:8      | Noticed a deep elf pyromancer
  7813 | D:8      | Found a transporter.
  7813 | D:8      | Noticed a cyan ugly thing
  7813 | D:8      | Noticed Psyche
  7813 | D:8      | Noticed a white ugly thing
  8165 | D:9      | Reached skill level 1 in Conjurations
  8233 | D:9      | Reached ** piety under Cheibriados
  8299 | D:9      | Found a staircase to the Lair.
  8305 | Lair:1   | Entered Level 1 of the Lair of Beasts
  8439 | D:9      | Learned a level 3 spell: Stone Arrow
  8442 | D:9      | Found a radiant altar of Vehumet.
  8442 | D:9      | Found a glowing silver altar of Zin.
  8443 | D:9      | Found a white marble altar of Elyvilon.
  8462 | D:10     | Entered Level 10 of the Dungeon
  8690 | D:9      | Noticed a death yak
  8747 | D:9      | Noticed a cyclops
  8761 | D:9      | Noticed a manticore
  8761 | D:9      | Noticed a centaur warrior
  8775 | D:9      | Killed a centaur warrior
  8776 | D:9      | Reached skill level 5 in Fighting
  8840 | D:9      | Killed a cyclops
  8841 | D:9      | Reached XP level 11. HP: 80/80 MP: 22/22
  9016 | D:9      | Killed a manticore
  9063 | D:9      | Reached *** piety under Cheibriados
  9153 | D:10     | Found a staircase to the Orcish Mines.
  9722 | D:10     | Found a runed translucent door.
  9900 | D:10     | Found a runed translucent gate.
  9900 | D:10     | Noticed a boulder beetle
  9901 | D:10     | Found a runed translucent gate.
  9901 | D:10     | Identified the +0 hat "Avvu" {Regen+ Int-2 Slay+2 SInv}
 10041 | D:10     | Found a runed translucent gate.
 10041 | D:10     | Found a runed translucent gate.
 10041 | D:10     | Found a runed translucent gate.
 10041 | D:10     | Noticed a lindwurm
 10041 | D:10     | Noticed a boulder beetle
 10042 | D:10     | Found a runed translucent gate.
 10094 | D:11     | Reached **** piety under Cheibriados
 10191 | D:11     | Noticed Erica
 10202 | D:11     | Killed Erica
 10534 | D:11     | Noticed a soul eater
 10617 | D:11     | Reached XP level 12. HP: 52/89 MP: 25/25
 10848 | D:11     | Paralysed by a hornet for 1 turns
 10877 | D:11     | Found a blossoming altar of Fedhas.
 11011 | D:12     | Noticed Nergalle
 11156 | Lair:1   | Reached skill level 5 in Conjurations
 11182 | Lair:1   | Reached ***** piety under Cheibriados
 11293 | Lair:1   | Reached skill level 5 in Invocations
 11682 | Lair:1   | Noticed Gastronok
 11714 | Lair:1   | Killed Gastronok
 11738 | Lair:1   | Reached skill level 10 in Spellcasting
 12109 | Lair:2   | Noticed a death yak
 12109 | Lair:2   | Noticed a death yak
 12109 | Lair:2   | Noticed a death yak
 12109 | Lair:2   | Noticed a death yak
 12110 | Lair:2   | Noticed a death yak
 12439 | Lair:2   | Found a staircase to the Swamp.
 12618 | Lair:2   | Noticed a death yak
 12638 | Lair:2   | Learned a level 4 spell: Iskenderun's Mystic Blast
 12730 | Lair:2   | Reached ****** piety under Cheibriados
 12731 | Lair:2   | Gained mutation: You can hop long distances. [Barachi
                  | growth]
 12731 | Lair:2   | Reached XP level 13. HP: 81/98 MP: 27/27
 13081 | Lair:2   | Reached skill level 1 in Translocations
 13410 | Lair:3   | Found a runed translucent door.
 13563 | Lair:3   | Found a hole to the Spider Nest.
 13868 | Lair:3   | Learned a level 3 spell: Vhi's Electric Charge
 13899 | Lair:3   | Noticed Darkkill's ghost (journeyman MiHu)
 14094 | Lair:4   | Found a staircase to the Slime Pits.
 14123 | Lair:4   | Noticed Nessos
 14289 | Lair:3   | Reached skill level 1 in Air Magic
 14721 | Lair:4   | Killed Nessos
 14815 | Lair:5   | Entered Level 5 of the Lair of Beasts
 14817 | Lair:5   | Reached skill level 10 in Stealth
 14822 | Lair:5   | Noticed Sonja
 14859 | Lair:5   | Noticed Josephine
 14905 | Lair:5   | Killed Josephine
 14972 | Lair:5   | Reached XP level 14. HP: 79/108 MP: 29/29
 14981 | Lair:5   | Reached skill level 10 in Dodging
 15055 | Lair:5   | Acquired the +4 dagger of Glamorous Integrity {drain, rF+
                  | Will+ Str+4}
 15662 | Lair:5   | Learned a level 5 spell: Arcjolt
 15739 | Lair:5   | Reached skill level 10 in Short Blades
 15831 | Lair:5   | Noticed a dire elephant
 15856 | Lair:5   | Killed a dire elephant
 16127 | Orc:1    | Entered Level 1 of the Orcish Mines
 16154 | Orc:1    | Noticed an orc warlord
 16326 | Orc:1    | Killed an orc warlord
 16339 | Orc:1    | Found Wiun's General Store.
 16349 | Orc:1    | Bought a scroll of blinking for 90 gold pieces
 16349 | Orc:1    | Bought a potion of heal wounds for 60 gold pieces
 16363 | Orc:1    | Paralysed by an orc sorcerer for 3 turns
 16428 | Orc:1    | Noticed an orc warlord
 16461 | Orc:1    | Killed an orc warlord
 16841 | Orc:2    | Entered Level 2 of the Orcish Mines
 17045 | Orc:2    | Noticed Urug
 17056 | Orc:2    | Killed Urug
 17057 | Orc:2    | Reached skill level 10 in Fighting
 17433 | Orc:2    | Noticed an orc warlord
 17585 | Orc:2    | Reached XP level 15. HP: 115/115 MP: 30/30
 17801 | Orc:2    | Killed an orc warlord
 17973 | Orc:2    | Found Qysauga's Jewellery Boutique.
 17988 | Orc:2    | Found Lyetier's Antique Weapon Boutique.
 18204 | Orc:2    | Found Zoemacuck's Magic Scroll Emporium.
 18213 | Orc:2    | Bought a scroll of fear for 60 gold pieces
 18213 | Orc:2    | Bought a scroll of blinking for 112 gold pieces
 18240 | Orc:2    | Found a staircase to the Elven Halls.
 18261 | Orc:2    | Found Teof's Antique Armour Boutique.
 18267 | Orc:2    | Bought a glimmering ring mail for 216 gold pieces
 18267 | Orc:2    | Identified the +1 ring mail of Haephuid {Harm rF- Regen+
                  | SInv} (You bought it in a shop on level 2 of the Orcish
                  | Mines)
 18284 | Orc:2    | Bought the ring "Ittipp" {rElec rPois rN+ Will+ SInv} for
                  | 720 gold pieces
 18301 | Orc:2    | Found Qeumnuopp's General Store.
 18308 | Orc:2    | Bought a potion of magic for 128 gold pieces
 18579 | Spider:1 | Entered Level 1 of the Spider Nest
 18599 | Spider:1 | Noticed Rupert
 18817 | D:12     | Noticed Fannar
 18825 | D:12     | Killed Fannar
 18839 | D:12     | Learned a level 7 spell: Orb of Destruction
 18845 | D:12     | Killed Nergalle
 18851 | D:12     | Noticed Jorgrun
 18879 | D:12     | Killed Jorgrun
 19200 | D:12     | Found an opulent altar of Gozag.
 19465 | D:12     | Noticed Erolcha
 19473 | D:12     | Killed Erolcha
 19477 | D:12     | Found Quixt's Antique Weapon Emporium.
 19972 | D:13     | You fall into a shaft and drop 1 floor!
 20595 | D:14     | Reached skill level 10 in Conjurations
 20820 | D:14     | Found a gate to the Vaults.
 21337 | D:15     | Entered Level 15 of the Dungeon
 21413 | D:15     | Reached XP level 16. HP: 93/124 MP: 23/32
 21442 | D:15     | Found a runed translucent door.
 21445 | D:15     | Noticed Yvvazola's ghost (journeyman GrWn)
 21684 | D:15     | Found a glowing golden altar of the Shining One.
 22024 | D:15     | Found a staircase to the Depths.
 22616 | Swamp:1  | Entered Level 1 of the Swamp
 22979 | Swamp:1  | Found a runed translucent door.
 22980 | Swamp:1  | Noticed diodin's ghost (journeyman TrHW)
 23004 | Swamp:1  | Identified the +1 trident "Nabokag" {venom, *Noise rPois
                  | rF+}
 23864 | Swamp:3  | Noticed Nikola
 23871 | Swamp:3  | Killed Nikola
 24396 | Swamp:4  | Entered Level 4 of the Swamp
 24684 | Swamp:4  | Reached XP level 17. HP: 133/133 MP: 33/33
 25813 | Swamp:4  | Got a decaying rune of Zot
 25983 | Spider:1 | Killed Rupert
 26162 | Spider:1 | Noticed Mlioglotl
 26166 | Spider:1 | Noticed a tentacled starspawn
 26167 | Spider:1 | Killed Mlioglotl
 26230 | Spider:1 | Learned a level 4 spell: Fulminant Prism
 26774 | Spider:2 | Noticed Asterion
 27398 | Spider:2 | Killed Asterion
 27613 | Spider:2 | Noticed Agnes
 27650 | Spider:2 | Killed Agnes
 27674 | Spider:2 | You fall into a shaft and drop 1 floor!
 27724 | Spider:3 | Gained mutation: Your magical capacity is low. (-10% MP)
                  | [mutagenic glow]
 27815 | Spider:3 | Identified the ring of Xom's Passing Interest {Ice +Blink
                  | Will+++ MP-9 Dex+3}
 27973 | Spider:3 | Reached XP level 18. HP: 124/142 MP: 0/31
 28285 | Spider:3 | Identified the +6 dire flail of Onlegrow {freeze, rPois rN+
                  | Str-5 Int+3}
 28646 | Spider:4 | Entered Level 4 of the Spider Nest
 29178 | Spider:4 | Reached skill level 10 in Invocations
 29813 | Spider:4 | Reached skill level 15 in Stealth
 30256 | Spider:4 | Identified the +1 hat of Squeaky Mirth {Str-3 Dex+5}
 30302 | Spider:4 | Got a gossamer rune of Zot
 30642 | D:9      | Upgraded the game from 0.30-a0-883-g5ad918d77d to
                  | 0.30-a0-900-g23479c02f2
 30642 | D:9      | Lost mutation: Your magical capacity is low. (-10% MP)
                  | [potion of mutation]
 30642 | D:9      | Gained mutation: You occasionally shout uncontrollably at
                  | your foes. [potion of mutation]
 30642 | D:9      | Gained mutation: You are strong-willed. (Will+) [potion of
                  | mutation]
 30643 | D:9      | Lost mutation: You are strong-willed. (Will+) [potion of
                  | mutation]
 30643 | D:9      | Lost mutation: You occasionally shout uncontrollably at
                  | your foes. [potion of mutation]
 30643 | D:9      | Gained mutation: You expend magic power (3 MP) to
                  | strengthen your wands. [potion of mutation]
 30643 | D:9      | Gained mutation: You are partially covered in iridescent
                  | scales. (AC +2) [potion of mutation]
 30728 | Vaults:1 | Entered Level 1 of the Vaults
 30870 | Orc:2    | Bought a runed scale mail for 168 gold pieces
 31489 | Orc:2    | Bought an amulet of reflection for 450 gold pieces
 31676 | Vaults:1 | Reached skill level 1 in Shields
 32014 | Vaults:1 | Reached skill level 5 in Shields
 32251 | Vaults:1 | Found Huleb's Assorted Antiques.
 32274 | Vaults:1 | Identified the ring "Qonoj" {rPois rC+ rCorr Dex+3 Stlth+}
 32433 | Vaults:1 | Identified the +2 scale mail of the Vacuum {Contam rC-
                  | Int+4 Dex+8}
 32458 | Vaults:1 | Reached XP level 19. HP: 139/149 MP: 5/36
 32468 | Vaults:1 | Reached skill level 5 in Air Magic
 34536 | Vaults:2 | Found a portal to a secret trove of treasure.
 35638 | Vaults:3 | Found a staircase to the Crypt.
 35788 | Vaults:3 | Reached skill level 10 in Shields
 35973 | Vaults:3 | Found Anyeripsu's Assorted Antiques.
 36361 | Vaults:3 | Reached XP level 20. HP: 158/158 MP: 38/38
 37698 | Vaults:4 | Noticed Margery
 38011 | Vaults:4 | Reached skill level 15 in Conjurations
 38700 | Vaults:4 | Killed Margery
 39775 | Vaults:4 | Noticed Aizul
 39781 | Vaults:4 | Killed Aizul
 40735 | Elf:1    | Entered Level 1 of the Elven Halls
 40836 | Elf:1    | Reached XP level 21. HP: 151/166 MP: 26/39
 41310 | Elf:1    | Found a radiant altar of Vehumet.
 41651 | Elf:1    | Found a runed translucent gate.
 41651 | Elf:1    | Found a runed translucent gate.
 41651 | Elf:1    | Found a runed translucent gate.
 41651 | Elf:1    | Found a runed translucent gate.
 41651 | Elf:1    | Found a runed translucent gate.
 41653 | Elf:1    | Found a runed translucent gate.
 41658 | Elf:1    | Got the Volume of Air
 41807 | Elf:1    | Found a bloodstained altar of Trog.
 41827 | Elf:1    | Learned a level 5 spell: Silence
 41834 | Elf:1    | Learned a level 6 spell: Conjure Ball Lightning
 42375 | Elf:2    | Reached skill level 15 in Fighting
 42569 | Elf:2    | Found a runed translucent gate.
 42570 | Elf:2    | Found a runed translucent gate.
 42570 | Elf:2    | Found a runed translucent gate.
 42837 | Elf:3    | Entered Level 3 of the Elven Halls
 43469 | Elf:3    | Identified the +6 broad axe of Duvipp {drain, *Slow Int+3
                  | SInv Stlth+}
 43469 | Elf:3    | Identified the ring "Myoleuf" {rElec MP+9 Int+6}
 43471 | Elf:3    | Paralysed by an air elemental for 1 turns
 43474 | Elf:3    | Reached skill level 15 in Dodging
 43475 | Elf:3    | Reached skill level 15 in Spellcasting
 43480 | Elf:3    | Reached XP level 22. HP: 140/175 MP: 9/41
 43633 | Elf:3    | Identified the +10 short sword of Plague {speed, *Slow
                  | rElec Int+3}
 43802 | Elf:3    | Reached skill level 15 in Short Blades
 43992 | Elf:3    | Got the Handbook of the Sun and the Boggart
 44025 | Elf:3    | Identified the +0 pair of gloves of the Moon Troll {rN+}
 44053 | Elf:3    | Identified the +4 quarterstaff "Siruo" {speed, rN+++ Will-
                  | MP+9 Str-3}
 44431 | Depths:1 | Entered Level 1 of the Depths
 44666 | Depths:1 | Noticed a caustic shrike
 44666 | Depths:1 | Noticed a caustic shrike
 44666 | Depths:1 | Noticed a caustic shrike
 44673 | Depths:1 | Killed a caustic shrike
 44731 | D:15     | Upgraded the game from 0.30-a0-900-g23479c02f2 to
                  | 0.30-a0-918-g0ff054e9dc
 44897 | Vaults:5 | Entered Level 5 of the Vaults
 44900 | Vaults:5 | Noticed Mennas
 44961 | Vaults:5 | Noticed a dread lich
 44978 | Vaults:5 | Killed a dread lich
 44997 | Vaults:5 | Noticed a golden dragon
 45116 | Vaults:5 | Killed a golden dragon
 45226 | Vaults:5 | Got a silver rune of Zot
 45352 | Vaults:5 | Identified the amulet of Yganosy {Reflect Str+5 SH+5}
 45561 | Vaults:5 | Noticed a dread lich
 45578 | Vaults:5 | Killed a dread lich
 45709 | Vaults:5 | Noticed an ancient lich
 45715 | Vaults:5 | Killed an ancient lich
 45716 | Vaults:5 | Reached XP level 23. HP: 179/184 MP: 26/42
 45789 | Vaults:5 | Identified the +6 long sword of Offence {heavy, rElec rPois
                  | Int-5 Dex+4}
 46017 | Vaults:5 | Reached skill level 10 in Air Magic
 46040 | Vaults:5 | Learned a level 5 spell: Freezing Cloud
 46330 | Orc:2    | Bought a scroll of teleportation for 45 gold pieces
 46330 | Orc:2    | Bought a scroll of teleportation for 45 gold pieces
 46330 | Orc:2    | Bought a scroll of butterflies for 60 gold pieces
 46330 | Orc:2    | Bought a scroll of immolation for 60 gold pieces
 46544 | D:2      | Bought a scroll of vulnerability for 56 gold pieces
 46544 | D:2      | Bought a scroll of teleportation for 42 gold pieces
 46544 | D:2      | Bought a scroll of magic mapping for 105 gold pieces
 46544 | D:2      | Bought a scroll of fog for 56 gold pieces
 46676 | D:6      | Killed Crazy Yiuf
 46949 | D:8      | Killed Psyche
 47213 | Lair:3   | Killed Darkkill's ghost
 47868 | Depths:1 | Killed a caustic shrike
 47902 | Depths:1 | Killed a caustic shrike
 48469 | Depths:1 | Found a runed translucent gate.
 48469 | Depths:1 | Found a runed translucent gate.
 48469 | Depths:1 | Noticed an ancient lich
 48470 | Depths:1 | Found a runed translucent gate.
 48470 | Depths:1 | Noticed Newt's ghost (adept KoHu)
 48965 | Depths:1 | Found an iron altar of Okawaru.
 49183 | Depths:2 | Found a one-way gateway to a ziggurat.
 50203 | Depths:2 | Found a gateway to Hell.
 50235 | Depths:2 | Paralysed by a floating eye for 2 turns
 50281 | Depths:2 | Reached XP level 24. HP: 193/193 MP: 40/43
 50512 | Depths:2 | Found a one-way gate leading to the halls of Pandemonium.
 50810 | Depths:3 | Found a one-way gate to the infinite horrors of the Abyss.
 50825 | Depths:3 | Noticed Parghit
 50826 | Depths:3 | Killed Parghit
 50847 | Depths:3 | Found a shimmering blue altar of Sif Muna.
 51186 | Depths:3 | Found a glowing golden altar of the Shining One.
 51717 | Depths:3 | Noticed Sojobo
 51723 | Depths:3 | Killed Sojobo
 52126 | Depths:4 | Entered Level 4 of the Depths
 52894 | Depths:4 | Found a runed translucent door.
 52912 | Depths:4 | Found a runed translucent door.
 52997 | Depths:4 | Found a gate to the Realm of Zot.
 53046 | Depths:4 | Found a runed translucent door.
 53194 | Depths:4 | Found a runed translucent door.
 53194 | Depths:4 | Found a runed translucent door.
 53208 | Depths:4 | Found a runed translucent door.
 53573 | Zot:1    | Entered Level 1 of the Realm of Zot
 53717 | Zot:1    | You fall into a shaft and drop 1 floor!
 54395 | Zot:1    | Reached XP level 25. HP: 157/195 MP: 25/43
 55302 | Zot:1    | Identified the +1 trident of Uppir {speed, Str+3 Dex+9
                  | Stlth-}
 55746 | Zot:2    | Reached skill level 10 in Hexes
 58038 | Zot:5    | Entered Level 5 of the Realm of Zot
 58098 | Zot:5    | Acquired an Inescapable Atlas
 58103 | Zot:5    | Learned a level 2 spell: Blink
 58108 | Zot:5    | Learned a level 4 spell: Manifold Assault
 58140 | Zot:4    | Noticed an orb of fire
 58253 | Zot:5    | Reached XP level 26. HP: 205/211 MP: 16/44
 58635 | Zot:4    | Noticed a dread lich
 58636 | Zot:4    | Reached skill level 15 in Shields
 58644 | Zot:4    | Killed a dread lich
 59374 | Zot:4    | Gained mutation: You have supernaturally acute eyesight.
                  | (SInv) [an orb of fire]
 59380 | Zot:4    | Gained mutation: You are vulnerable to cold. (rC-) [an orb
                  | of fire]
 59833 | Zot:4    | Killed an orb of fire
 60130 | Zot:4    | Reached skill level 5 in Translocations
 61525 | Zot:5    | Lost mutation: You are vulnerable to cold. (rC-) [potion of
                  | mutation]
 61525 | Zot:5    | Lost mutation: You are partially covered in iridescent
                  | scales. (AC +2) [potion of mutation]
 61525 | Zot:5    | Gained mutation: You have a pair of small horns on your
                  | head. [potion of mutation]
 61525 | Zot:5    | Gained mutation: Armour fits poorly on your strangely
                  | shaped body. [potion of mutation]
 61525 | Zot:5    | Gained mutation: Your muscles are strong. (Str +4, Int/Dex
                  | -1) [potion of mutation]
 61526 | Zot:5    | Lost mutation: You expend magic power (3 MP) to strengthen
                  | your wands. [potion of mutation]
 61526 | Zot:5    | Lost mutation: You have supernaturally acute eyesight.
                  | (SInv) [potion of mutation]
 61526 | Zot:5    | Lost mutation: Armour fits poorly on your strangely shaped
                  | body. [potion of mutation]
 61526 | Zot:5    | Gained mutation: You are frail. (-10% HP) [potion of
                  | mutation]
 61584 | Zot:5    | Noticed an ancient lich
 61599 | Zot:5    | Killed an ancient lich
 61806 | Zot:5    | Noticed a Killer Klown
 61810 | Zot:5    | Killed a Killer Klown
 61810 | Zot:5    | Noticed an ancient lich
 61815 | Zot:5    | Noticed an ancient lich
 61816 | Zot:5    | Killed an ancient lich
 61885 | Zot:5    | Noticed a dread lich
 61906 | Zot:5    | Killed a dread lich
 62035 | Zot:5    | Noticed a Killer Klown
 62058 | Zot:5    | Killed a Killer Klown
 62059 | Zot:5    | Reached XP level 27. HP: 184/197 MP: 25/44
 62086 | Zot:5    | Noticed an ancient lich
 62090 | Zot:5    | Noticed an orb of fire
 62092 | Zot:5    | Noticed a dread lich
 62092 | Zot:5    | Killed an ancient lich
 62100 | Zot:5    | Killed an orb of fire
 62114 | Zot:5    | Killed a dread lich
 62148 | Zot:5    | Noticed an orb of fire
 62152 | Zot:5    | Killed an orb of fire
 62165 | Zot:5    | Noticed an orb of fire
 62170 | Zot:5    | Killed an orb of fire
 62249 | Zot:5    | Killed an ancient lich
 62410 | Zot:5    | Noticed an ancient lich
 62420 | Zot:5    | Killed an ancient lich
 62605 | Zot:5    | Noticed an ancient lich
 62609 | Zot:5    | Noticed an ancient lich
 62611 | Zot:5    | Killed an ancient lich
 62615 | Zot:5    | Killed an ancient lich
 62686 | Zot:5    | Got the Orb of Zot
 62686 | Zot:5    | Noticed an orb of fire
 62696 | Zot:5    | Gained mutation: You have hidden genetic defects. [an orb
                  | of fire]
 62705 | Zot:5    | Killed an orb of fire
 62706 | Zot:5    | Reached skill level 15 in Invocations
 62871 | Zot:1    | Noticed a seraph
 63324 | D:$      | Escaped with the Orb!

Illustrated notes

Levels and vault maps discovered:
D:1:      minmay_arrival_nine_rooms, layout_loops_ring
D:2:      minmay_door_path, layout_loops_corners, serial_shops, shop,
          kennysheep_decorative_pillar, uniq_natasha
D:3:      layout_basic, mainiacjoe_overflow_alcove_4, saegor_snake_ambush,
          uniq_sigmund
D:4:      layout_loops_cross, nemelex_dance_club_becter
D:5:      nicolae_BIG_FREAKIN_CUBE, layout_layer_cave
D:6:      layout_basic, bh_walls_and_bars, uniq_crazy_yiuf_cottage
D:7:      layout_loops_corners, minmay_temple_entry_waves, uniq_joseph,
          uniq_duvessa
D:8:      gammafunk_sealed_arena, layout_loops_cross, uniq_psyche
D:9:      wad_arrow_thing, layout_rooms,
          chequers_temple_overflow_statue_of_worship, serial_ice, serial_ice_n,
          serial_ice_h, serial_ice_d, serial_ice_f, eino_tiny_chamber,
          minmay_misc_feat_enclosed, hangedman_abyss_or_decor_lesser_grid,
          hangedman_abyss_or_decor_stagger
D:10:     gammafunk_indiana_jones, layout_basic, orc_0_dummy
D:11:     cheibrodos_statue_roulette, layout_loops_ring,
          fedhas_altar_fruit_tree, uniq_erica
D:12:     layout_basic, serial_shops, shop,
          portal_ice_cave_entry_animals_and_master, serial_glass,
          glass_columns_a, glass_columns_a, item_on_display_a,
          item_on_display_a, unseen_surprise_small, feat_on_display,
          grunt_gozag_breadcrumbs, uniq_nergalle, uniq_fannar, uniq_jorgrun,
          uniq_erolcha
D:13:     layout_roguey, st_stairs_14
D:14:     layout_gridville, david_vaults_2, kennysheep_generic_room_4
D:15:     grunt_enter_depths_magical_seal, layout_basic,
          ebering_ghost_inner_flame, tso_oasis_becter
Temple:   hellmonk_temple_divided_pantheon
Lair:1:   lemuel_ratsnest, layout_regular_city, uniq_gastronok
Lair:2:   layout_cave_pods, minmay_swamp_entry_swarm
Lair:3:   layout_regular_city, spider_nest_entry_rubble,
          ebering_ghost_reflecting_pool, grunt_megastairs_1,
          infiniplex_staircase_pool
Lair:4:   layout_cave_shapes, nicolae_slime_entry_field_trip, uniq_nessos
Lair:5:   hangedman_lair_in_review, layout_regular_city, serial_bayou_crossing,
          grunt_megastairs_5, uniq_josephine, uniq_sonja
Swamp:1:  layout_basic_swamp, ebering_ghost_funeral_grove,
          evilmike_swamp_ruin_wall
Swamp:2:  layout_basic_swamp, evilmike_swamp_ruin_house_3, swamp_pool3
Swamp:3:  layout_basic_swamp, evilmike_swamp_ruin_house_6, uniq_nikola
Swamp:4:  swamp_basic_johnstein, layout_basic_swamp,
          nicolae_swamp_dragon_and_kin
Spider:1: layout_spider_delve, nicolae_spider_webbed_stairs, uniq_mlioglotl,
          uniq_rupert
Spider:2: layout_chambers, uniq_arachne, uniq_asterion, uniq_agnes
Spider:3: layout_spider_delve
Spider:4: spider_rune_water, guppyfry_hornet_nest
Orc:1:    layout_caves, serial_shops, nicolae_diamond_shop
Orc:2:    grunt_orc_cross, layout_diamond_mine, serial_shops,
          nicolae_lakefront_shop
Elf:1:    eino_elf_arrival_customs, layout_geoelf_grid, basic_altar,
          orc_legates, evilmike_spriggan_trog_shrine, lemuel_upstairs_altar
Elf:2:    nicolae_elf_blades_crystal_corner, layout_gridlike,
          guppyfry_library_mini
Elf:3:    elf_hall, layout_geoelf_diagonals, grunt_ministairs_1,
          corexii_leaking_fountain, hangedman_decor_cross_pass
Vaults:1: ontoclasm_vaults_fault, nicolae_vaults_bisected_slash,
          vaults_mumra_hex, nicolae_vaults_specimen_jars, grunt_vaults_focal,
          vaults_room_hallway, v_misc_14, vaults_standard_mumra_lines,
          hangedman_vaults_river_flow, v_misc_10,
          vaults_room_grunt_arrival_ludios, nicolae_vaults_network_periphery,
          vaults_room_hallway, layout_vaults_ring, serial_shops,
          nicolae_shop_stone
Vaults:2: v_alt_pattern_3, v_misc_31, ontoclasm_vaults_loading_screen,
          st_hourglassy, vaults_room_hallway, dpeg_vaults_monster_box,
          layout_vaults_omnigrid, nicolae_trove_entry_isolated
Vaults:3: v_misc_1, grunt_vaults_diagonal, v_rooms_4,
          nicolae_vaults_border_crossing, st_quartered_hall, v_pattern_3,
          nicolae_vaults_ninety_degrees, ontoclasm_vaults_claustrophobia,
          ontoclasm_vaults_chip, vaults_room_hallway, vaults_room_ringed_pool,
          vaults_dpeg_ring, v_misc_16, minmay_crypt_entry_simple_corners,
          layout_vaults_omnibox, serial_shops,
          nicolae_shop_competitors_out_of_business
Vaults:4: nicolae_vaults_network_quincunx
          [nicolae_vaults_network_quincunx_subvault,
          nicolae_vaults_network_quincunx_subvault,
          nicolae_vaults_network_quincunx_subvault,
          nicolae_vaults_network_quincunx_subvault,
          nicolae_vaults_network_quincunx_subvault],
          ontoclasm_vaults_ring_large, v_misc_29, v_misc_24,
          vaults_dpeg_diagonal, v_rooms_3, v_misc_22,
          vaults_standard_mumra_enter_the_diamond, grunt_vaults_funnel,
          nicolae_vaults_sealed_display, ontoclasm_vaults_ligature,
          ontoclasm_vaults_ring_large, vaults_dpeg_spiral, v_alt_pattern_4,
          grunt_vaults_hallway_short, v_misc_19, layout_vaults_maze_bifur,
          uniq_margery, uniq_aizul
Vaults:5: serial_shops, uniq_mennas
Depths:1: layout_roguey, hellmouth_3, grunt_pan_entry_sceptre, okawaru_trees_2,
          gammafunk_ghost_necromancy, solitary_fountain, dancing_weapons_uskayaw
Depths:2: hangedman_arch_fort, layout_cave_shapes, enter_ziggurat_a,
          nicolae_figureground_pulse, grunt_pan_entry_spiral, hell_entry,
          minmay_staircase_statues, serial_bayou_shore_b
Depths:3: nicolae_cairo_tiling, layout_gridlike, abyss_entry, basic_altar,
          grunt_hell_entry_dis_grunt, minmay_misc_feat_x,
          nicolae_sif_muna_condensation, infiniplex_staircase_pillars_1,
          uniq_parghit, uniq_sojobo
Depths:4: evilmike_zot_entry_castle, layout_basic, minmay_door_square,
          hell_entry
Zot:1:    layout_concentric_octagons, amethyst_zot_foddershock
Zot:2:    hangedman_snap_crack_crunch, layout_onion
Zot:3:    layout_misc_corridors
Zot:4:    hangedman_zot_vaults_quadrants, layout_onion_interference,
          st_large_dragon_hoard_1
Zot:5:    layout_misc_corridors

Skill      XL: |  1  2  3  4  5  6  7  8  9 10 11 12 13 14 15 16 17 18 19 20 21 22 23 24 25 26 27 |
---------------+----------------------------------------------------------------------------------+-----
Stealth        | 3 4 5 6 7 8 10 11 12 13 14 15 16 17 18 19 | 19.1
Short Blades   | 2 3 4 5 6 7 8 9 10 11 12 13 14 15 16 17 18 | 18.2
Dodging        | 3 4 5 6 7 8 9 10 11 12 13 14 15 16 17 18 | 18.4
Hexes          | 4 5 6 7 9 11 | 11.9
Spellcasting   | 3 4 5 6 7 9 10 11 12 13 14 15 16 17 | 17.9
Evocations     | 1 2 4 |  4.0
Fighting       | 3 5 6 7 9 10 11 12 13 14 15 16 17 18 19 | 19.1
Invocations    | 1 3 4 5 6 7 8 9 10 11 12 13 14 15 | 15.0
Long Blades    | 1 2 |  2.1
Conjurations   | 2 4 6 7 8 10 12 13 14 15 16 17 18 19 | 19.0
Translocations | 2 6 8 |  8.6
Air Magic      | 2 3 4 6 7 8 9 10 11 | 11.0
Shields        | 7 10 11 12 13 14 15 16 | 16.0

Action                     |  1- 3 |  4- 6 |  7- 9 | 10-12 | 13-15 | 16-18 | 19-21 | 22-24 | 25-27 || total
---------------------------+-------+-------+-------+-------+-------+-------+-------+-------+-------++-------
  Melee: Dagger            |   180 |    87 |   297 |   619 |   758 |   748 |   646 |   457 |   160 ||  3952
         Punch             |     2 |       |     6 |       |       |       |       |       |       ||     8
         Long sword        |       |       |    18 |    28 |    18 |    71 |       |       |       ||   135
         Demon blade       |       |       |       |       |       |    15 |   137 |   218 |   436 ||   806
         Headbutt          |       |       |       |       |       |       |       |       |    43 ||    43
  Throw: Dart              |       |       |     1 |       |       |       |     2 |       |       ||     3
   Cast: Ensorcelled Hiber |    20 |    22 |     3 |     7 |    15 |    14 |     2 |       |     4 ||    87
         Confusing Touch   |     1 |     7 |    42 |   126 |   133 |   171 |   125 |   112 |    36 ||   753
         Tukima's Dance    |       |     1 |    33 |    22 |    64 |    12 |    40 |    62 |     7 ||   241
         Stone Arrow       |       |       |       |     7 |    40 |    48 |    38 |    67 |    61 ||   261
         Iskenderun's Myst |       |       |       |       |    18 |    10 |     4 |    19 |     6 ||    57
         Arcjolt           |       |       |       |       |    30 |    73 |    65 |   110 |    46 ||   324
         Vhi's Electric Ch |       |       |       |       |     3 |    43 |    41 |    29 |    15 ||   131
         Orb of Destructio |       |       |       |       |    13 |   108 |    74 |   230 |   218 ||   643
         Fulminant Prism   |       |       |       |       |       |     8 |    23 |    21 |     7 ||    59
         Conjure Ball Ligh |       |       |       |       |       |       |     1 |     6 |     4 ||    11
         Freezing Cloud    |       |       |       |       |       |       |       |    25 |    16 ||    41
         Silence           |       |       |       |       |       |       |       |     1 |     2 ||     3
         Blink             |       |       |       |       |       |       |       |       |    11 ||    11
         Manifold Assault  |       |       |       |       |       |       |       |       |    22 ||    22
 Invoke: Slouch            |       |       |       |       |     4 |    11 |    12 |     9 |     5 ||    41
         Bend Time         |       |       |       |       |       |       |     1 |       |       ||     1
         Step From Time    |       |       |       |       |       |       |       |     1 |     1 ||     2
Ability: Hop               |     2 |     1 |     2 |     5 |    10 |    15 |    14 |    28 |    25 ||   102
  Evoke: Wand              |       |     4 |       |     3 |     2 |    15 |     3 |    17 |    22 ||    66
         Condenser vane    |       |       |       |       |     1 |       |       |       |       ||     1
         Phantom mirror    |       |       |       |       |     2 |     1 |     1 |     3 |     2 ||     9
    Use: Potion            |     1 |       |     1 |     2 |       |     7 |     5 |    21 |    10 ||    47
         Scroll            |     2 |     3 |    10 |    15 |    17 |     9 |    10 |    27 |    17 ||   110
   Stab: Invisible         |     3 |       |       |       |       |     3 |       |     4 |       ||    10
         Sleeping          |    10 |    12 |    14 |    16 |    38 |    39 |    63 |    29 |    26 ||   247
         Confused          |     1 |     4 |    31 |    95 |   116 |   154 |   115 |   108 |    34 ||   658
         Distracted        |       |       |       |     1 |     2 |     1 |     7 |     2 |     2 ||    15
         Paralysed         |       |       |       |       |       |       |       |     3 |       ||     3
 Armour: Robe              |    46 |    22 |    70 |   124 |    89 |   110 |    36 |    57 |     2 ||   556
         Acid dragon scale |       |       |       |    14 |       |       |       |       |       ||    14
         Quicksilver drago |       |       |       |       |       |       |       |       |    76 ||    76
  Dodge: Dodged            |   130 |    63 |   197 |   551 |   607 |   982 |   427 |   815 |   576 ||  4348
  Block: Buckler           |       |       |     6 |   161 |   187 |   264 |       |   138 |   267 ||  1023
         Kite shield       |       |       |       |       |       |    57 |   672 |   546 |       ||  1275
         Reflection        |       |       |       |       |       |     3 |    95 |     2 |       ||   100

Table legend: (Time is in decaauts)
 A = Elapsed time spent in this place.
 B = Non-inter-level travel time spent in this place.
 C = Inter-level travel time spent in this place.
 D = Time resting spent in this place.
 E = Time spent auto-exploring this place.
 F = Levels seen in this place.
 G = Mean time per level.
                   A        B        C        D        E       F      G
               +--------+--------+--------+--------+--------+-----+--------+
         Total | 110139 |  93334 |  16805 |  11613 |  47750 |  48 | 2294.6 |
       Dungeon |  27966 |  21673 |   6293 |   1242 |  13625 |  15 | 1864.4 |
        Temple |     86 |     72 |     14 |      0 |      6 |   1 |   86.0 |
          Lair |  12069 |   9196 |   2873 |    500 |   5138 |   5 | 2413.8 |
         Swamp |   6263 |   5964 |    299 |    556 |   3341 |   4 | 1565.8 |
   Spider Nest |   8579 |   7761 |    818 |    647 |   4158 |   4 | 2144.8 |
  Orcish Mines |   4386 |   3236 |   1150 |    713 |   1775 |   2 | 2193.0 |
   Elven Halls |   7512 |   6494 |   1018 |    485 |   3689 |   3 | 2504.0 |
        Vaults |  16967 |  14807 |   2160 |   3927 |   5783 |   5 | 3393.4 |
        Depths |  10843 |   9877 |    966 |   1274 |   4438 |   4 | 2710.8 |
           Zot |  15465 |  14254 |   1211 |   2268 |   5793 |   5 | 3093.0 |
               +--------+--------+--------+--------+--------+-----+--------+

Top non-repeatable levels by time:
Vaults:4: 4568 daAuts
Vaults:2: 4131 daAuts
   Zot:1: 3863 daAuts
   Zot:4: 3375 daAuts
Vaults:3: 3322 daAuts
Spider:4: 3309 daAuts
Vaults:1: 3293 daAuts
   Zot:5: 3251 daAuts
   Elf:1: 3239 daAuts
  Lair:3: 3236 daAuts
    D:15: 3045 daAuts
Depths:4: 3035 daAuts
  Lair:1: 2964 daAuts
Depths:2: 2752 daAuts
   Zot:3: 2752 daAuts
